 Dungeon Crawl Stone Soup version 0.19.1 (webtiles) character file.

939 KingBobo974 the Skirmisher (level 7, -11/56 HPs)
             Began as a Demonspawn Fighter on Dec 12, 2016.
             Was a Follower of Trog.
             Engulfed by a cloud of freezing vapour (15 damage)
             ... on level 6 of the Dungeon.
             The game lasted 00:12:35 (4630 turns).

KingBobo974 the Skirmisher (Demonspawn Fighter)     Turns: 4630, Time: 00:12:36

Health: -11/56     AC: 13    Str: 18    XL:     7   Next: 87%
Magic:  7/7        EV:  5    Int:  9    God:    Trog [*.....]
Gold:   293        SH: 10    Dex: 13    Spells: 0 memorised, 6 levels left

rFire  . . .     SeeInvis .     a - +0 trident
rCold  . . .     Gourm    .     u - +0 plate armour
rNeg   . . .     Faith    .     c - +0 shield
rPois  .         Spirit   .     (no helmet)
rElec  .         Reflect  .     (no cloak)
rCorr  .         Harm     .     g - +0 pair of gloves
MR     .....                    (no boots)
Stlth  ..........               e - amulet of magic regeneration
                                (no ring)
                                (no ring)

@: no status effects
A: repulsion field 1, spiny 2
a: Berserk, Burn Spellbooks, Renounce Religion


You were on level 6 of the Dungeon.
You worshipped Trog.
Trog was aware of your devotion.
You were not hungry.

You visited 1 branch of the dungeon, and saw 6 of its levels.

You collected 293 gold pieces.

Inventory:

Hand Weapons
 a - a +0 trident (weapon)
 q - a +0 morningstar
Armour
 b - a +1 scale mail
 c - a +0 shield (worn)
 f - a +0 scale mail
 g - a +0 pair of gloves (worn)
 o - a +0 chain mail
 u - a +0 plate armour (worn)
 w - a cursed +0 buckler
Jewellery
 e - an amulet of magic regeneration (around neck)
 t - an uncursed amulet of harm
Wands
 x - a wand of flame (30/48)
Scrolls
 j - 2 scrolls of identify
 p - 2 scrolls of enchant weapon
Potions
 d - 2 potions of might
 h - 2 potions of heal wounds
 k - a potion of curing
 l - 2 potions of flight
 m - a potion of degeneration {unknown}
Comestibles
 i - 4 fruits
 n - 2 meat rations
 r - 2 bread rations
 s - a royal jelly


   Skills:
 * Level 5.2 Fighting
 * Level 4.5 Polearms
 * Level 4.8 Armour
 * Level 5.0 Shields


You had 6 spell levels left.
You didn't know any spells.

Dungeon Overview and Level Annotations

Branches:
Dungeon (6/15)
 Temple: D:4-7

Altars:
Elyvilon
Fedhas
Kikubaaqudgha
Trog
Uskayaw
Xom
Zin


Innate Abilities, Weirdness & Mutations

You are surrounded by a mild repulsion field. (EV +2)
You are mostly covered in sharp spines.


Message History

The quokka is heavily wounded.
You block the quokka's attack. The quokka is struck by your spines.
You kill the quokka!
Trog accepts your kill.
No target in view!
No target in view!
Really walk into a travel-excluded area?
Uppercase [Y]es or [N]o only, please.
Really walk into a travel-excluded area?
Uppercase [Y]es or [N]o only, please.
Really walk into a travel-excluded area?
You are engulfed in freezing vapours.
You are engulfed in freezing vapours.
You are engulfed in freezing vapours.
You are engulfed in freezing vapours.
* * * LOW HITPOINT WARNING * * *
You are engulfed in freezing vapours.
* * * LOW HITPOINT WARNING * * *
You are engulfed in freezing vapours.
You die...

##§#.#.#........###..
##§#.#.##.......# ###
##§#.#.#..>.....#
##§#.#.#........#
##§#.#..........#
##§#§####.......#
##§#§## .. ##.#§## .
##.#@## ##.#§##
##.#§## ##.#§##
##..§## #######
#######


There were no monsters in sight!

Vanquished Creatures
  An ice beast (D:5)
  The ghost of sal the Ducker, an amateur TrFi of Makhleb (D:3)
  A black bear (D:4)
  A phantom (D:4)
  An ogre (D:4)
  A scorpion (D:4)
  A centaur zombie (D:5)
  A hound (D:4)
  A bullfrog skeleton (D:5)
  A bullfrog zombie (D:6)
  An orc priest (D:6)
  2 orc wizards (D:6)
  2 worker ants (D:4)
  3 gnolls (D:2)
  5 adders
  An ooze (D:3)
  An adder zombie (D:5)
  A worm (D:5)
  A dart slug (D:5)
  2 leopard geckos
  11 orcs
  11 bats
  2 giant cockroaches (D:3)
  4 goblins
  10 hobgoblins
  7 jackals
  3 quokkas
  2 frilled lizards (D:1)
  4 kobolds
  A leopard gecko skeleton (D:5)
  14 rats
98 creatures vanquished.

Notes
Turn   | Place    | Note
-------+----------+-------------------------------------------
     0 | D:1      | KingBobo974 the Demonspawn Fighter began the quest for the Orb.
     0 | D:1      | Reached XP level 1. HP: 18/18 MP: 1/1
   337 | D:1      | Gained mutation: You are partially covered in sharp spines. [demonic ancestry]
   337 | D:1      | Reached XP level 2. HP: 21/24 MP: 2/2
   846 | D:2      | Gained mutation: You are surrounded by a mild repulsion field. (EV +2) [demonic ancestry]
   846 | D:2      | Reached XP level 3. HP: 29/29 MP: 3/3
  1244 | D:2      | Reached XP level 4. HP: 3/36 MP: 4/4
  2077 | D:3      | Noticed sal's ghost (amateur TrFi)
  2102 | D:3      | Killed sal's ghost
  2102 | D:3      | Reached XP level 5. HP: 7/42 MP: 5/5
  2390 | D:3      | Found a hide-covered altar of Uskayaw.
  2390 | D:3      | Found a white marble altar of Elyvilon.
  2395 | D:3      | Found a glowing silver altar of Zin.
  2401 | D:3      | Found a blossoming altar of Fedhas.
  2402 | D:3      | Found a bloodstained altar of Trog.
  2436 | D:3      | Became a worshipper of Trog the Wrathful
  2792 | D:4      | Found a shimmering altar of Xom.
  2826 | D:4      | Noticed a phantom
  2853 | D:4      | Gained mutation: You are mostly covered in sharp spines. [demonic ancestry]
  2853 | D:4      | Reached XP level 6. HP: 23/48 MP: 6/6
  3239 | D:4      | Reached XP level 7. HP: 20/55 MP: 7/7
  3240 | D:4      | Found an ancient bone altar of Kikubaaqudgha.
  3689 | D:5      | Entered Level 5 of the Dungeon
  3991 | D:5      | Reached skill level 5 in Fighting
  4139 | D:5      | Reached * piety under Trog
  4500 | D:6      | Reached skill level 5 in Shields
  4630 | D:6      | Engulfed by a cloud of freezing vapour

Skill      XL: |  1  2  3  4  5  6  7 |
---------------+----------------------+-----
Polearms       | 2 3 4 |  4.5
Shields        | 3 4 5 |  5.0
Armour         | 3 4 |  4.8
Fighting       | 4 5 |  5.2

Action                   |  1- 3 |  4- 6 |  7- 9 || total
-------------------------+-------+-------+-------++-------
Melee: Trident           |   120 |   156 |    97 ||   373
  Use: Scroll            |       |     7 |     3 ||    10
       Potion            |       |     2 |       ||     2
  Eat: Bread ration      |     1 |       |     1 ||     2
       Royal jelly       |       |     1 |     1 ||     2
       Beef jerky        |       |     1 |       ||     1
Armor: Scale mail        |    45 |    31 |       ||    76
       Chain mail        |       |    10 |    13 ||    23
       Plate armour      |       |       |    31 ||    31
Dodge: Dodged            |    33 |    36 |    15 ||    84
Block: Shield            |    48 |    62 |    36 ||   146
